 Dungeon Crawl Stone Soup version 0.31-a0-150-g89dc3ad700 (webtiles) character file.

Game seed: 6753613501456233805

51 iguanaiguana the Sneak (level 3, 0/22 HPs)
             Began as a Deep Elf Delver on June 9, 2023.
             Was an Initiate of Sif Muna.
             Slain by an adder (1 damage)
             ... on level 3 of the Dungeon.
             The game lasted 00:03:21 (336 turns).

iguanaiguana the Sneak (Deep Elf Delver)             Turns: 336, Time: 00:03:21

Health: 0/22       AC:  5    Str:  9    XL:     3   Next: 57%
Magic:  5/5        EV: 11    Int: 12    God:    Sif Muna [......]
Gold:   33         SH:  0    Dex: 20    Spells: 2/2 levels left

rFire   . . .        a - +0 falchion
rCold   . . .        (no shield)
rNeg    . . .        f - +0 ring mail "Hasu" {Int-4 Dex+4}
rPois   .            (no helmet)
rElec   .            (no cloak)
rCorr   .            (no gloves)
SInv    .            (no boots)
Will    .....        (no amulet)
Stlth   +++          (no ring)
HPRegen 0.23/turn    (no ring)
MPRegen 0.09/turn

%: no passive effects
@: lethally poisoned (0 -> -3)
A: no striking features
a: Renounce Religion


You were on level 3 of the Dungeon.
You worshipped Sif Muna.
Sif Muna was noncommittal.
You visited 1 branch of the dungeon, and saw 4 of its levels.

You collected 33 gold pieces.

Inventory:

Hand Weapons
 a - a +0 falchion (weapon)
Armour
 b - a +0 leather armour
 f - the +0 ring mail "Hasu" (worn) {Int-4 Dex+4}
   (You found it on level 3 of the Dungeon)

   Int:       It affects your intelligence (-4).
   Dex:       It affects your dexterity (+4).
Jewellery
 d - a ring of ice
Wands
 g - a wand of digging (3) {@v3}
Scrolls
 c - a scroll of fog


   Skills:
 - Level 2.4 Fighting
 - Level 3.0 Long Blades
 + Level 3.6 Dodging
 - Level 6.0 Stealth


You had 2 spell levels left.
You didn't know any spells.
Your spell library was empty.

Dungeon Overview and Level Annotations

Branches:
Dungeon (6/15) Zot: 23674
 Temple: D:4-7

Altars:
Elyvilon
Makhleb
Sif Muna


Message History

* * * LOW HITPOINT WARNING * * *
Something is bathed in an unholy light!
It was a scroll of torment.
Something hits you.
* * * LOW HITPOINT WARNING * * *
You aren't carrying any potions.
You can't see any enemies this would affect, really read the scroll of fear?
As you read the scroll of fear, it crumbles to dust.
You assume a fearsome visage.
Items here: ))) ††.
An adder comes into view.
The adder hisses angrily.
The adder attacks as you move away!
You barely miss the adder. You miss the adder. The adder bites you.
* * * LOW HITPOINT WARNING * * *
You hit the adder but do no damage. You hit the adder but do no damage.
The adder bites you.
* * * LOW HITPOINT WARNING * * *
You are poisoned.
The adder poisons you! The adder bites you.
* * * LOW HITPOINT WARNING * * *
You barely miss the adder.
* * * LOW HITPOINT WARNING * * *
The adder bites you.
* * * LOW HITPOINT WARNING * * *
You aren't carrying any potions.
Okay, then.
Okay, then.
You are too injured to fight recklessly!
You are too injured to fight recklessly!
You are too injured to fight recklessly!
You are too injured to fight recklessly!
You slash the adder!
The adder is almost dead.
* * * LOW HITPOINT WARNING * * *
You barely miss the adder.
The adder is almost dead.
* * * LOW HITPOINT WARNING * * *
The adder bites you.
You die...

#.# #.# #.# #.# #.# #.# ###.#
#.##### # ###.#.### #.##.. #.
....... #.##.#
####.####.#.#########.##.####...
...............@S.......>.......
........#.###########.##.######.
..##.##.#..)....####..##.# #
#.#.#####.##...###.# #.#.#
#.##.### #.# #.#.# #.##.# #.#
#.#.# #.#..# #.# #.#.# #.#.##
#.# #)#.# #...#


You could see an adder.

Vanquished Creatures
  Robin (D:3)
  2 adders
  3 orcs (D:3)
  An endoplasm (D:3)
  8 goblins (D:3)
  A hobgoblin (D:3)
  A bat (D:3)
  A frilled lizard (D:3)
  A kobold (D:4)
19 creatures vanquished.

Notes
Turn   | Place    | Note
-------+----------+-------------------------------------------
     0 | D:5      | iguanaiguana the Deep Elf Delver began the quest for the
                  | Orb.
     0 | D:5      | Reached XP level 1. HP: 13/13 MP: 3/3
    46 | D:4      | Reached XP level 2. HP: 15/18 MP: 4/4
    68 | D:4      | Found a burning altar of Makhleb.
   153 | D:4      | Found a white marble altar of Elyvilon.
   153 | D:4      | Found a shimmering blue altar of Sif Muna.
   163 | D:4      | Became a worshipper of Sif Muna the Loreminder
   206 | D:3      | Identified the +0 ring mail "Hasu" {Int-4 Dex+4}
   233 | D:3      | Noticed Robin
   247 | D:3      | Reached XP level 3. HP: 22/22 MP: 5/5
   252 | D:3      | Killed Robin
   335 | D:3      | HP: 1/22 [poisoned by an adder]
   336 | D:3      | Slain by an adder

Illustrated notes

Levels and vault maps discovered:
D:3:      layout_basic, nicolae_uskayaw_murder_on_the_dancefloor,
          serial_aquarium, aquarium_bridge_square [aquarium_subvault_wall,
          aquarium_subvault_bridge, aquarium_subvault_wall,
          aquarium_subvault_bridge], aquarium_bridge_square
          [aquarium_subvault_wall, aquarium_subvault_bridge,
          aquarium_subvault_wall, aquarium_subvault_window],
          aquarium_window_fake, aquarium_window_fake, aquarium_view_2b,
          uniq_robin
D:4:      layout_rooms, mainiacjoe_overflow_brackets,
          chequers_temple_overflow_statue_of_worship, serial_aquarium,
          aquarium_bridge_long_separate [aquarium_subvault_wall,
          aquarium_subvault_bridge, aquarium_subvault_window,
          aquarium_subvault_bridge, aquarium_subvault_window,
          aquarium_subvault_balcony], aquarium_window_corner,
          aquarium_window_fake, aquarium_view_2c, aquarium_balcony_3a,
          aquarium_pool_2, kennysheep_generic_room_8
D:5:      layout_basic, vehumet_statue, nicolae_ru_awakened_eye, uniq_eustachio
D:6:      layout_layer_cave, enter_ossuary_1, st_stairs_3

Skill      XL: |  1  2  3 |
---------------+----------+-----
Long Blades    | 2 3 |  3.0
Dodging        | 3 |  3.6
Fighting       | |  2.4
Stealth        | |  6.0

Action                     || total
---------------------------++-------
  Melee: Falchion          ||    47
         Unarmed           ||    11
    Use: Scroll            ||     3
         Potion            ||     2
 Armour: Leather armour    ||     2
         Skin              ||    17
         Ring mail         ||    13
  Dodge: Dodged            ||    17

Table legend: (Time is in decaauts)
 A = Elapsed time spent in this place.
 B = Non-inter-level travel time spent in this place.
 C = Inter-level travel time spent in this place.
 D = Time resting spent in this place.
 E = Time spent auto-exploring this place.
 F = Levels seen in this place.
 G = Mean time per level.
                   A        B        C        D        E       F      G
               +--------+--------+--------+--------+--------+-----+--------+
         Total |    324 |    324 |      0 |     15 |     20 |   4 |   81.0 |
       Dungeon |    324 |    324 |      0 |     15 |     20 |   4 |   81.0 |
               +--------+--------+--------+--------+--------+-----+--------+

Top non-repeatable levels by time:
     D:4: 158 daAuts
     D:3: 154 daAuts
     D:5: 10 daAuts
     D:6: 1 daAuts
